APP
BURLINGTON ROYALS @ GREENEVILLE ASTROS
07/20/2099
 
TOP OF THE 1ST
Burlington Royals batting - Pitching for Greeneville Astros : LHP Wiley Hill
Pitching: LHP Wiley Hill
Batting: LHB Walt Rogers 0-0: Ball
1-0: Foul Ball, location: 7LDF
1-1: Foul Ball, location: 2F
1-2: Strikes out swinging
Batting: RHB Jonathan Adamson 0-0: Foul Ball, location: 2F
0-1: Called Strike
0-2: Strikes out swinging
Batting: LHB Justin Byrd 0-0: Fly out, F7 (Flyball, 78S, EV 90.0 MPH)
Top of the 1st over - 0 runs, 0 hits, 0 errors, 0 left on base; Burlington 0 - Greeneville 0
BOTTOM OF THE 1ST
Greeneville Astros batting - Pitching for Burlington Royals : LHP Jon Couch
Pitching: LHP Jon Couch
Batting: RHB Joe Kauppinen 0-0: Called Strike
0-1: Foul Ball, location: 2F
0-2: Ball
1-2: Ground out 6-3 (Groundball, 6, EV 104.4 MPH)
Batting: RHB Alejandro Padilla 0-0: Called Strike
0-1: Swinging Strike
0-2: Ground out 5-3 (Groundball, 5, EV 86.9 MPH)
Batting: RHB Mike Martin 0-0: Ball
1-0: Foul Ball, location: 9LSF
1-1: Called Strike
1-2: Ball
2-2: Foul Ball, location: 7LMF
2-2: Fly out, F7 (Flyball, 7D, EV 105.0 MPH)
Bottom of the 1st over - 0 runs, 0 hits, 0 errors, 0 left on base; Burlington 0 - Greeneville 0
TOP OF THE 2ND
Burlington Royals batting - Pitching for Greeneville Astros : LHP Wiley Hill
Batting: LHB Rafael Moya 0-0: Ball
1-0: Swinging Strike
1-1: Ball
2-1: Swinging Strike
2-2: Foul Ball, location: 25F
2-2: Ball
3-2: Strikes out looking
Batting: RHB Jim Neely 0-0: Foul Ball, location: 2F
0-1: Swinging Strike
0-2: Strikes out swinging
Batting: LHB Mike Goodwin 0-0: Ball
1-0: Ball
2-0: Swinging Strike
2-1: Foul Ball, location: 5FF
2-2: Strikes out swinging
Top of the 2nd over - 0 runs, 0 hits, 0 errors, 0 left on base; Burlington 0 - Greeneville 0
BOTTOM OF THE 2ND
Greeneville Astros batting - Pitching for Burlington Royals : LHP Jon Couch
Batting: RHB Jeremy Allen 0-0: Swinging Strike
0-1: Swinging Strike
0-2: Ball
1-2: Fly out, F9 (Flyball, 9LD, EV 98.8 MPH)
Batting: RHB Anacleto Olsen 0-0: Ball
1-0: Swinging Strike
1-1: Ball
2-1: Ball
3-1: Base on Balls
Batting: LHB Raul Bonilla 0-0: Ball
1-0: Ball
2-0: Foul Ball, location: 3F
2-1: Foul Ball, location: 9LSF
2-2: Fielders Choice at 2nd, 4-6 (Groundball, 34, EV 85.0 MPH)
Batting: RHB Robby Figueroa 0-0: Called Strike
0-1: Fly out, F8 (Flyball, 8RM, EV 75.0 MPH)
Bottom of the 2nd over - 0 runs, 0 hits, 0 errors, 1 left on base; Burlington 0 - Greeneville 0
TOP OF THE 3RD
Burlington Royals batting - Pitching for Greeneville Astros : LHP Wiley Hill
Batting: RHB Miguel Tellez 0-0: Ball
1-0: Swinging Strike
1-1: Called Strike
1-2: Ball
2-2: Ball
3-2: Foul Ball, location: 2F
3-2: Base on Balls
Batting: RHB Danny Espinoza 0-0: Ball
1-0: Foul Ball, location: 7LSF
1-1: Ball
2-1: Called Strike
2-2: Foul Ball, location: 9LSF
2-2: Strikes out swinging
Batting: RHB Jeremy Herrera 0-0: Called Strike
0-1: Called Strike
0-2: Ball
1-2: Ball
2-2: Strikes out swinging
Batting: LHB Walt Rogers 0-0: Called Strike
0-1: Called Strike
0-2: Ground out 1-3 (Groundball, 13S, EV 67.5 MPH)
Top of the 3rd over - 0 runs, 0 hits, 0 errors, 1 left on base; Burlington 0 - Greeneville 0
BOTTOM OF THE 3RD
Greeneville Astros batting - Pitching for Burlington Royals : LHP Jon Couch
Pitching: LHP Chad Greenway
Batting: RHB Josue Chavarria 0-0: Swinging Strike
0-1: Ball
1-1: Swinging Strike
1-2: Ground out 1-3 (Groundball, 15, EV 68.1 MPH)
Batting: RHB Jon Woods 0-0: Ball
1-0: Called Strike
1-1: Foul Ball, location: 25F
1-2: Ground out 6-3 (Groundball, 6S, EV 93.8 MPH)
Batting: RHB Joe Kauppinen 0-0: Ball
1-0: Foul Ball, location: 3FF
1-1: Foul Ball, location: 9LDF
1-2: Foul Ball, location: 25F
1-2: Ball
2-2: Ball
3-2: Ground out 5-3 (Groundball, 56, EV 105.6 MPH)
Bottom of the 3rd over - 0 runs, 0 hits, 0 errors, 0 left on base; Burlington 0 - Greeneville 0
TOP OF THE 4TH
Burlington Royals batting - Pitching for Greeneville Astros : LHP Wiley Hill
Batting: RHB Jonathan Adamson 0-0: Ball
1-0: Ball
2-0: Swinging Strike
2-1: Ball
3-1: Foul Ball, location: 2F
3-2: Foul Ball, location: 2F
3-2: Foul Ball, location: 2F
3-2: Base on Balls
Batting: LHB Justin Byrd 0-0: DOUBLE (Line Drive, 89D, EV 104.4 MPH)
Jonathan Adamson to third
Batting: LHB Rafael Moya 0-0: Ball
1-0: Called Strike
1-1: Foul Ball, location: 2F
1-2: Strikes out swinging
Batting: RHB Jim Neely 0-0: Intentional Walk
Batting: LHB Mike Goodwin 0-0: Foul Ball, location: 5F
0-1: Fly out, F8 (Flyball, 8LD, EV 96.3 MPH)
Runner from 3rd tags up, SCORES, throw by CF
Justin Byrd to third
Batting: RHB Miguel Tellez 0-0: Foul Ball, location: 2F
0-1: Swinging Strike
0-2: Strikes out looking
Top of the 4th over - 1 run, 1 hit, 0 errors, 2 left on base; Burlington 1 - Greeneville 0
BOTTOM OF THE 4TH
Greeneville Astros batting - Pitching for Burlington Royals : LHP Chad Greenway
Batting: RHB Alejandro Padilla 0-0: Ball
1-0: Called Strike
1-1: Ground out 4-3 (Groundball, 4M, EV 103.8 MPH)
Batting: RHB Mike Martin 0-0: Fly out, F7 (Flyball, 78M, EV 97.5 MPH)
Batting: RHB Jeremy Allen 0-0: SOLO HOME RUN (Flyball, 78XD, EV 100.6 MPH), Distance : 402 ft
Batting: RHB Anacleto Olsen 0-0: Ground out 6-3 (Groundball, 6M, EV 86.3 MPH)
Bottom of the 4th over - 1 run, 1 hit, 0 errors, 0 left on base; Burlington 1 - Greeneville 1
TOP OF THE 5TH
Burlington Royals batting - Pitching for Greeneville Astros : LHP Wiley Hill
Batting: RHB Danny Espinoza 0-0: Ball
1-0: SINGLE (Groundball, 4MD, EV 100.0 MPH)
Batting: RHB Jeremy Herrera 0-0: Bunt missed!
0-1: Ball
1-1: Bunted foul
1-2: Strikes out swinging
Batting: LHB Walt Rogers 0-0: Ball
1-0: Foul Ball, location: 25F
1-1: Grounds into double play, 6-4-3 (Groundball, 56, EV 88.1 MPH)
Top of the 5th over - 0 runs, 1 hit, 0 errors, 0 left on base; Burlington 1 - Greeneville 1
BOTTOM OF THE 5TH
Greeneville Astros batting - Pitching for Burlington Royals : LHP Chad Greenway
Batting: LHB Raul Bonilla 0-0: Ball
1-0: Ball
2-0: Called Strike
2-1: Foul Ball, location: 2F
2-2: Ball
3-2: Base on Balls
Batting: RHB Robby Figueroa 0-0: Foul Ball, location: 7LDF
0-1: Fly out, F8 (Flyball, 89M, EV 90.0 MPH)
Batting: RHB Josue Chavarria 0-0: Ball
1-0: Called Strike
1-1: Ball
2-1: Ball
3-1: Called Strike
3-2: Base on Balls
Raul Bonilla to second
Batting: RHB Jon Woods 0-0: Called Strike
0-1: Ball
1-1: Foul Ball, location: 2F
1-2: Ball
2-2: Strikes out swinging
Batting: RHB Joe Kauppinen 0-0: Foul Ball, location: 2F
0-1: Ball
1-1: Ball
2-1: Ball
3-1: Base on Balls
Raul Bonilla to third
Josue Chavarria to second
Batting: RHB Alejandro Padilla 0-0: Ball
1-0: Swinging Strike
1-1: Ball
2-1: Foul Ball, location: 9LMF
2-2: Ball
3-2: Fly out, F8 (Line Drive, 8RM, EV 95.6 MPH)
Bottom of the 5th over - 0 runs, 0 hits, 0 errors, 3 left on base; Burlington 1 - Greeneville 1
TOP OF THE 6TH
Burlington Royals batting - Pitching for Greeneville Astros : LHP Wiley Hill
Batting: RHB Jonathan Adamson 0-0: Ball
1-0: Ground out 5-3 (Groundball, 56S, EV 87.5 MPH)
Batting: LHB Justin Byrd 0-0: Ball
1-0: Fly out, F5 (Line Drive, 5, EV 76.3 MPH)
Batting: LHB Rafael Moya 0-0: Called Strike
0-1: Foul Ball, location: 3FF
0-2: Strikes out looking
Top of the 6th over - 0 runs, 0 hits, 0 errors, 0 left on base; Burlington 1 - Greeneville 1
BOTTOM OF THE 6TH
Greeneville Astros batting - Pitching for Burlington Royals : LHP Chad Greenway
Batting: RHB Mike Martin 0-0: Ball
1-0: Ball
2-0: SINGLE (Line Drive, 34D, EV 103.1 MPH)
Batting: RHB Jeremy Allen 0-0: Swinging Strike
0-1: Fly out, F7 (Flyball, 7S, EV 91.3 MPH)
Batting: RHB Anacleto Olsen 0-0: Swinging Strike
0-1: Swinging Strike
0-2: Strikes out looking
Batting: LHB Raul Bonilla 0-0: Called Strike
0-1: Fly out, F7 (Flyball, 78M, EV 85.0 MPH)
Bottom of the 6th over - 0 runs, 1 hit, 0 errors, 1 left on base; Burlington 1 - Greeneville 1
TOP OF THE 7TH
Burlington Royals batting - Pitching for Greeneville Astros : LHP Wiley Hill
Batting: RHB Jim Neely 0-0: Foul Ball, location: 2F
0-1: Foul Ball, location: 9LDF
0-2: Strikes out swinging
Pitching: RHP Ivan Perez
Batting: LHB Mike Goodwin 0-0: Ball
1-0: Called Strike
1-1: Foul Ball, location: 3F
1-2: DOUBLE (Flyball, 8LXD, EV 100.6 MPH)
Batting: RHB Miguel Tellez 0-0: Intentional Walk
Batting: RHB Danny Espinoza 0-0: Called Strike
0-1: Foul Ball, location: 2F
0-2: Foul Ball, location: 3FF
0-2: Ball
1-2: Foul Ball, location: 3F
1-2: Foul Ball, location: 2F
1-2: Foul Ball, location: 3DF
1-2: DOUBLE (Flyball, 78XD, EV 110.6 MPH)
Mike Goodwin scores
Miguel Tellez to third
Runner from 3rd tries for Home, SAFE, throw by LF to home
Pinch Hitting: LHB Marty Oakley 0-0: Ball
1-0: Called Strike
1-1: Swinging Strike
1-2: Strikes out swinging
Batting: LHB Walt Rogers 0-0: Called Strike
0-1: Called Strike
0-2: SINGLE (Line Drive, 7S, EV 96.9 MPH)
Danny Espinoza to third
Runner from 3rd tries for Home, SAFE, throw by LF to home
Pitching: RHP Joel Robinson
Batting: RHB Jonathan Adamson 0-0: Called Strike
0-1: Foul Ball, location: 2F
0-2: Strikes out swinging
Top of the 7th over - 3 runs, 3 hits, 0 errors, 1 left on base; Burlington 4 - Greeneville 1
BOTTOM OF THE 7TH
Greeneville Astros batting - Pitching for Burlington Royals : LHP Chad Greenway
Now at SS: Adam Bonner
Batting: RHB Robby Figueroa 0-0: Foul Ball, location: 2F
0-1: Ball
1-1: Fly out, F4 (Popup, 34, EV 65.0 MPH)
Batting: RHB Josue Chavarria 0-0: Foul Ball, location: 5FF
0-1: Foul Ball, location: 3FF
0-2: Ball
1-2: Foul Ball, location: 7LMF
1-2: Ball
2-2: Ground out 5-3 (Groundball, 56S, EV 83.8 MPH)
Batting: RHB Jon Woods 0-0: Swinging Strike
0-1: Swinging Strike
0-2: Strikes out swinging
Bottom of the 7th over - 0 runs, 0 hits, 0 errors, 0 left on base; Burlington 4 - Greeneville 1
TOP OF THE 8TH
Burlington Royals batting - Pitching for Greeneville Astros : RHP Joel Robinson
Batting: LHB Justin Byrd 0-0: Ball
1-0: Ground out U3 (Groundball, 3, EV 88.8 MPH)
Batting: LHB Rafael Moya 0-0: Ball
1-0: Ball
2-0: Called Strike
2-1: Ball
3-1: Called Strike
3-2: Foul Ball, location: 2F
3-2: Base on Balls
Batting: RHB Jim Neely 0-0: Foul Ball, location: 2F
0-1: SINGLE (Line Drive, 7S, EV 103.8 MPH)
Rafael Moya to second
Batting: LHB Mike Goodwin 0-0: Fly out, F2 (Popup, 25F, EV 83.8 MPH)
Batting: RHB Miguel Tellez 0-0: Swinging Strike
0-1: Ball
1-1: Ball
2-1: Called Strike
2-2: Strikes out looking
Top of the 8th over - 0 runs, 1 hit, 0 errors, 2 left on base; Burlington 4 - Greeneville 1
BOTTOM OF THE 8TH
Greeneville Astros batting - Pitching for Burlington Royals : LHP Chad Greenway
Batting: RHB Joe Kauppinen 0-0: Ball
1-0: Ball
2-0: Foul Ball, location: 2F
2-1: Called Strike
2-2: Foul Ball, location: 5F
2-2: Ball
3-2: Strikes out swinging wild pitch, reaches first!
Pitching: RHP Manny Rodriguez
Pinch Hitting: LHB Ricardo Bocanegra 0-0: Swinging Strike
0-1: Swinging Strike
0-2: Strikes out swinging
Batting: RHB Mike Martin 0-0: Called Strike
0-1: Reached on error, E5 (Groundball, 56, EV 84.4 MPH)
Joe Kauppinen to second
Batting: RHB Jeremy Allen 0-0: Foul Ball, location: 9LDF
0-1: Foul Ball, location: 2F
0-2: Ball
1-2: Foul Ball, location: 2F
1-2: Fly out, F9 (Flyball, 9, EV 89.4 MPH)
Batting: RHB Anacleto Olsen 0-0: Called Strike
0-1: Ball
1-1: Ball
2-1: Foul Ball, location: 2F
2-2: Ball
3-2: Strikes out swinging
Bottom of the 8th over - 0 runs, 0 hits, 1 error, 2 left on base; Burlington 4 - Greeneville 1
TOP OF THE 9TH
Burlington Royals batting - Pitching for Greeneville Astros : RHP Joel Robinson
Now at SS: Anacleto Olsen
Now in LF: Ricardo Bocanegra
Batting: RHB Danny Espinoza 0-0: Swinging Strike
0-1: Foul Ball, location: 9LMF
0-2: Strikes out swinging, 2-3 out at first.
Batting: RHB Adam Bonner 0-0: Ball
1-0: Ball
2-0: Foul Ball, location: 2F
2-1: Foul Ball, location: 3F
2-2: Ground out 6-3 (Groundball, 6, EV 88.1 MPH)
Batting: LHB Walt Rogers 0-0: Ball
1-0: Foul Ball, location: 2F
1-1: Swinging Strike
1-2: Ball
2-2: Ball
3-2: Strikes out looking
Top of the 9th over - 0 runs, 0 hits, 0 errors, 0 left on base; Burlington 4 - Greeneville 1
BOTTOM OF THE 9TH
Greeneville Astros batting - Pitching for Burlington Royals : RHP Manny Rodriguez
Pitching: RHP Cesar Mendez
Batting: LHB Raul Bonilla 0-0: Called Strike
0-1: Called Strike
0-2: Ball
1-2: DOUBLE (Line Drive, 9LM, EV 93.1 MPH)
Pinch Hitting: LHB Danny Colavita 0-0: Ball
1-0: Ball
2-0: Ball
3-0: Ground out 4-3 (Groundball, 34, EV 90.0 MPH)
Raul Bonilla to third
Batting: RHB Josue Chavarria 0-0: Ball
1-0: Called Strike
1-1: Called Strike
1-2: Strikes out swinging
Pinch Hitting: LHB Bobby Vogt 0-0: SINGLE (Line Drive, 89S, EV 91.3 MPH)
Raul Bonilla scores
Pinch Hitting: SHB Michael Wright 0-0: Ball
1-0: Called Strike
1-1: Foul Ball, location: 23FF
1-2: Ball
2-2: Foul Ball, location: 2F
2-2: Ball
3-2: Reached on error, E6 (Groundball, 6, EV 97.5 MPH)
Bobby Vogt to third
Batting: LHB Ricardo Bocanegra 0-0: Fly out, F7 (Flyball, 7, EV 77.5 MPH)
Bottom of the 9th over - 1 run, 2 hits, 1 error, 2 left on base; Burlington 4 - Greeneville 2
Sunday, May 12th , 2024 - OOTP Baseball 24.11 Build 85